 Dungeon Sprint DCSS version 0.31-a0-37-g98a128e1d9 (webtiles) character file.

Game seed: 16435132896327488772

364115 bmack86 the Invulnerable (level 27, 235/273 HPs)
             Began as a Minotaur Fighter on May 15, 2023.
             Was a High Priest of Okawaru.
             Escaped with the Orb!
             The game lasted 01:20:00 (4992 turns).

bmack86 the Invulnerable (Minotaur Fighter)         Turns: 4992, Time: 01:20:01

Health: 235/273    AC: 55    Str: 33    XL:     27
Magic:  21/37      EV: 15    Int: 16    God:    Okawaru [*****.]
Gold:   3769       SH: 30    Dex: 13    Spells: 26/26 levels left

rFire   . . .        F - +9 broad axe (drain)
rCold   . . .        u - +7 tower shield of Mauro {rElec rN+ Str+3}
rNeg    + . .        N - +14 crystal plate armour
rPois   +            w - +2 hat "Riwor" {Int+3}
rElec   +            Q - +1 cloak of the Desolation of Salt {Regen+ Dex-5 Stlth+}
rCorr   +            G - +0 pair of gloves "Iwom Qej" {Str+4}
SInv    +            z - +1 pair of boots of the Trees {rPois rCorr}
Will    ++...        b - amulet "Gap Poem" {Regen+ Dex+3 SInv} Stlth
                     c - ring of Pofutuqe {rPois Dex+6 Slay+6}
HPRegen 2.25/turn    t - ring of Pihoxt {Wiz *Corrode Slay+5}
MPRegen 0.25/turn

%: no teleportation, corrode self (3%), wizardry (x1)
@: finesse-ful
A: horns 2, retaliatory headbutt, clever 2, clumsy 1, weak 2, subdued magic 1
0: Orb of Zot
}: 5/15 runes: serpentine, slimy, elven, silver, gossamer
a: Renounce Religion, Heroism, Finesse


You escaped.
You worshipped Okawaru.
Okawaru was extremely pleased with you.
You visited 1 branch You collected 17110 gold pieces.
You spent 13341 gold pieces at shops.

Inventory:

Hand Weapons
 F - a +9 broad axe of draining (weapon)
 R - a +0 broad axe
Missiles
 r - 5 curare-tipped darts
 v - 3 silver javelins
 y - 5 boomerangs (quivered)
 K - 3 javelins
Armour
 i - a +0 plate armour
 q - a +0 cloak
 u - the +7 tower shield of Mauro (worn) {rElec rN+ Str+3}
   (You bought it in a shop in the Dungeon)

   Str:       It affects your strength (+3).
   rElec:     It insulates you from electricity.
   rN:        It protects you from negative energy.
 w - the +2 hat "Riwor" (worn) {Int+3}
   (You bought it in a shop in the Dungeon)

   Int:       It affects your intelligence (+3).
 x - the +0 pair of gloves of Xyabukko {+Inv rPois rF+ Dex+2}
   (You bought it in a shop in the Dungeon)

   Dex:       It affects your dexterity (+2).
   rF:        It protects you from fire.
   rPois:     It protects you from poison.
   +Inv:      It lets you turn invisible.
 z - the +1 pair of boots of the Trees (worn) {rPois rCorr}
   (You bought it in a shop in the Dungeon)

   rPois:     It protects you from poison.
   rCorr:     It protects you from acid and corrosion.
 G - the +0 pair of gloves "Iwom Qej" (worn) {Str+4}
   (You bought it in a shop in the Dungeon)

   Str:       It affects your strength (+4).
 H - the +0 cloak "Seymn" {rCorr}
   (You bought it in a shop in the Dungeon)

   rCorr:     It protects you from acid and corrosion.
 I - the +0 cloak of the Endless Expanse {-Cast rN+ Dex+3 Stlth+}
   (You bought it in a shop in the Dungeon)

   Dex:       It affects your dexterity (+3).
   rN:        It protects you from negative energy.
   -Cast:     It prevents spellcasting.
   Stlth:     It makes you more stealthy.
 N - a +14 crystal plate armour (worn)
 Q - the +1 cloak of the Desolation of Salt (worn) {Regen+ Dex-5 Stlth+}
   (You found it in the Dungeon)

   Dex:       It affects your dexterity (-5).
   Regen:     It increases your rate of health regeneration.
   Stlth:     It makes you more stealthy.
 T - the +2 kite shield of the Hot Ocelot {*Corrode Will- Str+10 Stlth+}
   (You bought it in a shop in the Dungeon)

   Str:       It affects your strength (+10).
   *Corrode:  It may corrode you when you take damage.
   Will:      It decreases your willpower.
   Stlth:     It makes you more stealthy.
Jewellery
 a - the ring "Sitoc" {Str+2 Slay+4}
   (You bought it in a shop in the Dungeon)

   [ring of slaying]

   Str:       It affects your strength (+2).
   Slay:      It affects your accuracy & damage with ranged weapons and melee
   (+4).
 b - the amulet "Gap Poem" (around neck) {Regen+ Dex+3 SInv}
   (You bought it in a shop in the Dungeon)

   [amulet of regeneration]

   Dex:       It affects your dexterity (+3).
   SInv:      It lets you see invisible.
   Regen:     It increases your rate of health regeneration.
 c - the ring of Pofutuqe (left hand) {rPois Dex+6 Slay+6}
   (You bought it in a shop in the Dungeon)

   [ring of dexterity]

   Dex:       It affects your dexterity (+6).
   Slay:      It affects your accuracy & damage with ranged weapons and melee
   (+6).
   rPois:     It protects you from poison.
 o - the amulet of Lerr {Acrobat Dex+6}
   (You bought it in a shop in the Dungeon)

   [amulet of the acrobat]

   It increases your evasion while moving and waiting.
   Dex:       It affects your dexterity (+6).
 p - the amulet "Uhieqy" {Regen+ Int+5}
   (You bought it in a shop in the Dungeon)

   [amulet of regeneration]

   Int:       It affects your intelligence (+5).
   Regen:     It increases your rate of health regeneration.
 s - the ring "Aczyt" {Fly rPois rF+ rC+ Will+}
   (You bought it in a shop in the Dungeon)

   [ring of willpower]

   rF:        It protects you from fire.
   rC:        It protects you from cold.
   rPois:     It protects you from poison.
   Fly:       It grants you flight.
   Will:      It increases your willpower.
 t - the ring of Pihoxt (right hand) {Wiz *Corrode Slay+5}
   (You bought it in a shop in the Dungeon)

   [ring of wizardry]

   It improves your spell success rate.
   Slay:      It affects your accuracy & damage with ranged weapons and melee
   (+5).
   *Corrode:  It may corrode you when you take damage.
 A - the ring of Helualir {Fly rC+ Will+ Int-4 SInv}
   (You bought it in a shop in the Dungeon)

   [ring of protection from cold]

   Int:       It affects your intelligence (-4).
   rC:        It protects you from cold.
   SInv:      It lets you see invisible.
   Fly:       It grants you flight.
   Will:      It increases your willpower.
 B - the ring of Kiefiufu {Fire Int+4}
   (You bought it in a shop in the Dungeon)

   [ring of fire]

   It enhances your fire magic.
   Int:       It affects your intelligence (+4).
   rF:        It protects you from fire.
   rC:        It makes you vulnerable to cold.
 C - the ring of Peace {Ice rN+ Will++ Int+2 Slay-4}
   (You bought it in a shop in the Dungeon)

   [ring of ice]

   It enhances your ice magic.
   Int:       It affects your intelligence (+2).
   Slay:      It affects your accuracy & damage with ranged weapons and melee
   (-4).
   rF:        It makes you vulnerable to fire.
   rC:        It protects you from cold.
   rN:        It protects you from negative energy.
   Will:      It greatly increases your willpower.
 D - the ring of Ru's Castigation {Ice rCorr Str+3 Dex-5 Slay+5}
   (You bought it in a shop in the Dungeon)

   [ring of ice]

   It enhances your ice magic.
   Str:       It affects your strength (+3).
   Dex:       It affects your dexterity (-5).
   Slay:      It affects your accuracy & damage with ranged weapons and melee
   (+5).
   rF:        It makes you vulnerable to fire.
   rC:        It protects you from cold.
   rCorr:     It protects you from acid and corrosion.
 E - the ring "Ycowk" {rPois rF+ rC+ Int+2 Dex-4}
   (You bought it in a shop in the Dungeon)

   [ring of protection from fire]

   Int:       It affects your intelligence (+2).
   Dex:       It affects your dexterity (-4).
   rF:        It protects you from fire.
   rC:        It protects you from cold.
   rPois:     It protects you from poison.
 J - the amulet of Vejoluyr {Spirit rN+++ Will- SInv}
   (You bought it in a shop in the Dungeon)

   [amulet of guardian spirit]

   It causes incoming damage to be divided between your reserves of health and
   magic.
   rN:        It renders you almost immune to negative energy.
   SInv:      It lets you see invisible.
   Will:      It decreases your willpower.
 M - the amulet "Kigeysti" {Reflect +Inv Int+2 Dex+3 SH+5 Stlth+}
   (You found it in the Dungeon)

   [amulet of reflection]

   It reflects blocked missile attacks.
   Int:       It affects your intelligence (+2).
   Dex:       It affects your dexterity (+3).
   +Inv:      It lets you turn invisible.
   SH:        It affects your SH (+5).
   Stlth:     It makes you more stealthy.
Wands
 k - a wand of iceblast (5)
 l - a wand of quicksilver (5)
Scrolls
 j - 9 scrolls of blinking
 m - 3 scrolls of fog
 L - 6 scrolls of silence
 P - 2 scrolls of enchant armour
Potions
 d - a potion of might
 e - 3 potions of curing
 f - 12 potions of heal wounds
 g - 2 potions of haste
 h - 2 potions of magic
 n - a potion of resistance
 O - a potion of mutation
 S - a potion of experience


   Skills:
 O Level 27 Fighting
 + Level 26.1 Axes
 + Level 19.6 Throwing
 O Level 27 Armour
 + Level 18.6 Dodging
 + Level 15.9 Stealth
 + Level 24.2 Shields
 + Level 22.1 Invocations
 - Level 8.0 Evocations


You had 26 spell levels left.
You didn't know any spells.
Your spell library was empty.

Dungeon Overview and Level Annotations

Branches:
Dungeon (1/1)

Altars:
Cheibriados
Dithmenos
Fedhas
Gozag
Kikubaaqudgha
Makhleb
Okawaru
Qazlal
Ru
Sif Muna
Trog
Uskayaw
Vehumet
Wu Jian
Xom
Yredelemnul
Zin
The Shining One
Lugonu

Shops:
D [??*?*:[((!!!


Innate Abilities, Weirdness & Mutations

You have a pair of horns on your head.
You reflexively headbutt those who attack you in melee.
Your mind is very acute. (Int +8, Str/Dex -2)
You are clumsy. (Dex -2)
You are very weak. (Str -4)
Your spells are a little easier to cast, but a little less powerful.


Message History

The Orb of Zot has appeared in the centre of the arena!
Victory!
Score multiplier: 6x You now have 72823 arena points (gained 3078).
You now have 3769 gold pieces (gained 1350).
You see here a +0 trident.
Okay, then.
Okay, then.
You see here a staff of earth.
There is a staircase leading out of the dungeon here.
You see here the Orb of Zot.
You pick up the Orb of Zot!
The Orb lets out a hideous shriek!
The lords of Pandemonium are not amused.
Beware!
Now all you have to do is get back out of the dungeon!
There is a staircase leading out of the dungeon here.
A lorocyproca comes into view.
You block the lorocyproca's attack.
You slash the lorocyproca! You headbutt the lorocyproca!!
The lorocyproca is heavily wounded.
You barely miss the lorocyproca.
The lorocyproca is heavily wounded.
You barely miss the lorocyproca. You headbutt the lorocyproca!!
The lorocyproca is severely wounded.
The lorocyproca hits you.
You feel your power leaking away.
You slash the lorocyproca!
You headbutt the lorocyproca, but do no damage.
The lorocyproca is almost dead.
You miss the lorocyproca.
The lorocyproca is almost dead.
You slice the lorocyproca like a ripe choko!!!
You kill the lorocyproca!
Okawaru accepts your kill.
You see here a +0 dire flail.
You feel like a meek peon again.
Things that are here:
a +0 halberd; a +0 robe; a +0 dagger
There is a staircase leading out of the dungeon here.
You can't go down here!
You have escaped!

#_)......_# ###..([.....###
#⌠.......[[..⌠#
######.8)[).....[8[######
##.___...[[.###.[)...___∩##
###∩......).8.# #[8[[......∩###
##."....[..|...###.............##
#⌠.........)###...###....[[...)⌠#
#⌠........).# #.@.# #..........⌠#
#⌠.....)...)###...###).........⌠#
##..[..)[..|...###)....).......##
###∩..)...[[8)# #.8.)[[))..∩###
##∩.._..)[[)###......___∩##
######.8[[[..)...8[######
#⌠).[[.......⌠# ###..[......###
#_)......_#


There were no monsters in sight!

Vanquished Creatures
  Tiamat (D)
  2 orbs of fire (D)
  An acid blob (D)
  3 ancient liches (D)
  A deep elf elementalist (D)
  2 Killer Klowns (D)
  10 Orb Guardians (D)
  3 titans (D)
  A death cob (D)
  4 shadow dragons (D)
  A draconian scorcher (D)
  A draconian stormcaller (D)
  9 ghost moths (D)
  3 spriggan defenders (D)
  2 quicksilver oozes (D)
  2 stone giants (D)
  A dire elephant (D)
  2 green draconians (D)
  16 lorocyprocas (D)
  A yellow draconian (D)
  4 red draconians (D)
  2 white draconians (D)
  2 black draconians (D)
  3 eidola (D)
  4 green deaths (D)
  4 deep elf death magi (D)
  A naga warrior (D)
  A mummy priest (D)
  A yaktaur captain (D)
  5 hydras (D)
  A death knight (D)
  7 vault guards (D)
  A ghost crab (D)
  An ogre mage (D)
  2 spriggan air magi (D)
  An anaconda (shapeshifter) (D)
  An alligator (D)
  A centaur warrior (D)
  4 death yaks (D)
  6 two-headed ogres (D)
  A satyr (D)
  5 spriggan berserkers (D)
  A soul eater (D)
  2 spriggans (D)
  Nergalle (D)
  A spriggan druid (D)
  A death drake (shapeshifter) (D)
  2 shadow wraiths (D)
  3 swamp dragons (D)
  A steelbarb worm (D)
  2 death drakes (D)
  A lindwurm (shapeshifter) (D)
  9 phantasmal warriors (D)
  An oklob plant (D)
  2 deep elf pyromancers (D)
  A mana viper (shapeshifter) (D)
  2 ugly things (D)
  16 shining eyes (D)
  6 moths of wrath (D)
  A black mamba (D)
  A water nymph (shapeshifter) (D)
  2 vault sentinels (D)
  4 unseen horrors (D)
  A yaktaur (shapeshifter) (D)
  3 kobold demonologists (D)
  15 tormentors (D)
  An ice devil (D)
  2 yaktaurs (D)
  3 guardian mummies (D)
  A rime drake (D)
  A tengu conjurer (D)
  A meliai (D)
  3 red devils (D)
  A hellwing (D)
  2 hornets (D)
  A wind drake (shapeshifter) (D)
  3 tarantellas (D)
  Sigmund (D)
  A ynoxinul (D)
  A culicivora (D)
  2 jumping spiders (D)
  5 wraiths (D)
  2 water elementals (D)
  4 redbacks (D)
  A chaos spawn (D)
  2 swamp worms (shapeshifter) (D)
  A water moccasin (D)
  An ice beast (D)
  4 scorpions (D)
  6 vampire bats (D)
  Jessica (D)
  3 mummies (D)
  3 adders (D)
  3 ogre simulacra (D)
  An endoplasm (D)
  2 hobgoblins (D)
  2 ball pythons (D)
  4 spectral weapons (D)
272 creatures vanquished.

Vanquished Creatures (others)
  A lich (D)
  A two-headed ogre (shapeshifter) (D)
2 creatures vanquished.

Grand Total: 274 creatures vanquished

Notes
Turn   | Place    | Note
-------+----------+-------------------------------------------
     0 | D        | bmack86 the Minotaur Fighter began the quest for the Orb.
     0 | D        | Reached XP level 1. HP: 19/19 MP: 0/0
     1 | D        | Found an ancient bone altar of Kikubaaqudgha.
     1 | D        | Found a shimmering blue altar of Sif Muna.
     2 | D        | Found a burning altar of Makhleb.
     3 | D        | Found a sacrificial altar of Ru.
     4 | D        | Found Riutobeo's Identification Station.
     4 | D        | Found a shimmering altar of Xom.
     4 | D        | Found an ornate altar of the Wu Jian Council.
     5 | D        | Found Keeruenn's Advanced Armour.
     5 | D        | Found Qaterudi's Jewellery.
     5 | D        | Round 1.
     9 | D        | Found a radiant altar of Vehumet.
    10 | D        | Found a basalt altar of Yredelemnul.
    11 | D        | Found a shadowy altar of Dithmenos.
    14 | D        | Found Cairch's Magic Scroll Shop.
    15 | D        | Found Qesuinen's Magic Scroll Shop.
    15 | D        | Found Horujokh's Must-Have Magic.
    17 | D        | Found a glowing golden altar of the Shining One.
    17 | D        | Found Horaehox's Staff Store.
    21 | D        | Found a snail-covered altar of Cheibriados.
    22 | D        | Found an iron altar of Okawaru.
    23 | D        | Found a corrupted altar of Lugonu.
    29 | D        | Found Cetzude Zeug's Distillery.
    30 | D        | Found a hide-covered altar of Uskayaw.
    30 | D        | Found a glowing silver altar of Zin.
    30 | D        | Found a stormy altar of Qazlal.
    30 | D        | Found Heuquus's Do-It-Yourself Clinic.
    31 | D        | Found Kerilech's Distillery.
    31 | D        | Found Atahim's Bottled Wisdom.
    37 | D        | Became a worshipper of Warmaster Okawaru
    44 | D        | Found an opulent altar of Gozag.
    46 | D        | Found a bloodstained altar of Trog.
    50 | D        | Found Sian's Weapon Rack.
    52 | D        | Found a blossoming altar of Fedhas.
    52 | D        | Found Aqeikh's Premium Goods.
    53 | D        | Found Xocon Qefa's Basic Armour.
    53 | D        | Found Hireoczu's Miscellaneous Merchandise.
    83 | D        | Bought a brightly glowing iron amulet for 45 gold pieces
    83 | D        | Identified the amulet of Lerr {Acrobat Dex+6} (You bought
                  | it in a shop in the Dungeon)
   127 | D        | Noticed Jessica
   139 | D        | Killed Jessica
   140 | D        | Reached XP level 2. HP: 28/28 MP: 0/2
   140 | D        | Reached XP level 3. HP: 34/34 MP: 0/3
   160 | D        | Noticed Sigmund
   176 | D        | Killed Sigmund
   176 | D        | Reached * piety under Okawaru
   176 | D        | Reached ** piety under Okawaru
   176 | D        | Arena points: 12 (+12) [x2]
   177 | D        | Reached XP level 4. HP: 32/45 MP: 3/6
   177 | D        | Reached XP level 5. HP: 37/51 MP: 3/7
   200 | D        | Bought 3 potions of heal wounds for 105 gold pieces
   204 | D        | Round 2.
   212 | D        | Noticed a water moccasin
   224 | D        | Killed a water moccasin
   225 | D        | Reached XP level 6. HP: 60/60 MP: 8/8
   226 | D        | Reached skill level 5 in Invocations
   273 | D        | Arena points: 54 (+42) [x3]
   330 | D        | Bought 4 potions of curing for 84 gold pieces
   338 | D        | Round 3.
   361 | D        | Reached skill level 10 in Axes
   392 | D        | Reached XP level 7. HP: 68/68 MP: 10/10
   407 | D        | Reached *** piety under Okawaru
   407 | D        | Arena points: 138 (+84) [x4]
   440 | D        | Bought a +0 pair of gloves for 54 gold pieces
   440 | D        | Bought a +0 cloak for 54 gold pieces
   472 | D        | Round 4.
   511 | D        | Noticed a jumping spider
   520 | D        | Noticed a redback
   530 | D        | Killed a redback
   534 | D        | Killed a jumping spider
   567 | D        | Noticed a tarantella
   589 | D        | Reached XP level 8. HP: 48/78 MP: 12/12
   611 | D        | Killed a tarantella
   611 | D        | Reached **** piety under Okawaru
   611 | D        | Arena points: 298 (+160) [x5]
   647 | D        | Bought 3 potions of heal wounds for 105 gold pieces
   672 | D        | Round 5.
   703 | D        | Noticed a black mamba
   708 | D        | Killed a black mamba
   709 | D        | Reached skill level 10 in Fighting
   709 | D        | Reached skill level 10 in Armour
   709 | D        | Reached skill level 10 in Shields
   725 | D        | Noticed a naga warlord
   759 | D        | Killed a naga warlord
   759 | D        | Received a gift from Okawaru
   759 | D        | Identified the staff of death "Meqirch" {rF++ rC+ rN+
                  | Will+} (You found it in the Dungeon)
   759 | D        | Arena points: 578 (+280) [x7]
   760 | D        | Reached XP level 9. HP: 59/89 MP: 10/14
   762 | D        | Got a serpentine rune of Zot
   764 | D        | Reached skill level 15 in Axes
   764 | D        | Reached XP level 10. HP: 66/97 MP: 11/15
   795 | D        | Bought a +0 plate armour for 276 gold pieces
   835 | D        | Bought a glittering granite ring for 45 gold pieces
   835 | D        | Identified a ring "Qofuitu" {rElec rPois rC- rCorr Dex-5}
                  | (You bought it in a shop in the Dungeon)
   835 | D        | Bought a pitted iron ring for 45 gold pieces
   835 | D        | Identified the ring of Pihoxt {Wiz *Corrode Slay+5} (You
                  | bought it in a shop in the Dungeon)
   968 | D        | Round 6.
   990 | D        | Reached skill level 1 in Throwing
  1023 | D        | Noticed a mummy priest
  1036 | D        | Killed a mummy priest
  1044 | D        | Arena points: 962 (+384) [x8]
  1059 | D        | Round 7.
  1060 | D        | Bought a bloodstained tower shield for 332 gold pieces
  1060 | D        | Identified the +7 tower shield of Mauro {rElec rN+ Str+3}
                  | (You bought it in a shop in the Dungeon)
  1149 | D        | Received a gift from Okawaru
  1200 | D        | Arena points: 1466 (+504) [x9]
  1251 | D        | Round 8.
  1253 | D        | Noticed a phantasmal warrior
  1266 | D        | Killed a phantasmal warrior
  1266 | D        | Received a gift from Okawaru
  1274 | D        | Noticed a phantasmal warrior
  1286 | D        | Killed a phantasmal warrior
  1316 | D        | Noticed a phantasmal warrior
  1318 | D        | Noticed a phantasmal warrior
  1326 | D        | Killed a phantasmal warrior
  1327 | D        | Reached XP level 11. HP: 107/107 MP: 15/17
  1334 | D        | Killed a phantasmal warrior
  1334 | D        | Reached ***** piety under Okawaru
  1335 | D        | Reached skill level 5 in Throwing
  1335 | D        | Reached skill level 10 in Invocations
  1365 | D        | Noticed a phantasmal warrior
  1372 | D        | Killed a phantasmal warrior
  1372 | D        | Received a gift from Okawaru
  1382 | D        | Noticed an eidolon
  1384 | D        | Noticed Nergalle
  1396 | D        | Killed Nergalle
  1405 | D        | Killed an eidolon
  1405 | D        | Received a gift from Okawaru
  1405 | D        | Arena points: 2186 (+720) [x10]
  1463 | D        | Round 9.
  1485 | D        | Noticed a phantasmal warrior
  1498 | D        | Killed a phantasmal warrior
  1504 | D        | Bought a blackened hat for 315 gold pieces
  1504 | D        | Identified the +2 hat "Riwor" {Int+3} (You bought it in a
                  | shop in the Dungeon)
  1504 | D        | Bought a pair of jewelled gloves for 332 gold pieces
  1504 | D        | Identified the +0 pair of gloves of Xyabukko {+Inv rPois
                  | rF+ Dex+2} (You bought it in a shop in the Dungeon)
  1536 | D        | Noticed a phantasmal warrior
  1541 | D        | Noticed an eidolon
  1544 | D        | Killed a phantasmal warrior
  1548 | D        | Noticed an eidolon
  1553 | D        | Killed an eidolon
  1565 | D        | Killed an eidolon
  1583 | D        | Noticed a phantasmal warrior
  1588 | D        | Noticed a phantasmal warrior
  1590 | D        | Killed a phantasmal warrior
  1590 | D        | Received a gift from Okawaru
  1601 | D        | Killed a phantasmal warrior
  1602 | D        | Reached skill level 15 in Fighting
  1602 | D        | Reached skill level 15 in Armour
  1608 | D        | Arena points: 3275 (+1089) [x11]
  1631 | D        | Bought a pair of spiked boots for 332 gold pieces
  1631 | D        | Identified the +1 pair of boots of the Trees {rPois rCorr}
                  | (You bought it in a shop in the Dungeon)
  1647 | D        | Bought a scorched pewter ring for 45 gold pieces
  1647 | D        | Identified the ring of Helualir {Fly rC+ Will+ Int-4 SInv}
                  | (You bought it in a shop in the Dungeon)
  1647 | D        | Bought a shimmering turquoise ring for 45 gold pieces
  1647 | D        | Identified the ring of Kiefiufu {Fire Int+4} (You bought it
                  | in a shop in the Dungeon)
  1647 | D        | Bought a scintillating turquoise ring for 45 gold pieces
  1647 | D        | Identified the ring of Peace {Ice rN+ Will++ Int+2 Slay-4}
                  | (You bought it in a shop in the Dungeon)
  1647 | D        | Bought a slimy platinum ring for 45 gold pieces
  1647 | D        | Identified the ring of Ru's Castigation {Ice rCorr Str+3
                  | Dex-5 Slay+5} (You bought it in a shop in the Dungeon)
  1668 | D        | Round 10.
  1765 | D        | Noticed a steelbarb worm
  1773 | D        | Killed a steelbarb worm
  1774 | D        | Reached XP level 12. HP: 121/121 MP: 12/20
  1792 | D        | Received a gift from Okawaru
  1792 | D        | Arena points: 4575 (+1300) [x13]
  1793 | D        | Reached skill level 15 in Shields
  1795 | D        | Got a gossamer rune of Zot
  1857 | D        | Bought a pair of smouldering gloves for 332 gold pieces
  1857 | D        | Identified the +0 pair of gloves "Iwom Qej" {Str+4} (You
                  | bought it in a shop in the Dungeon)
  1877 | D        | Bought a flickering iron amulet for 45 gold pieces
  1877 | D        | Identified the amulet "Qaibb" {Faith Rampage rF- Str+3}
                  | (You bought it in a shop in the Dungeon)
  1877 | D        | Bought a slimy ruby amulet for 45 gold pieces
  1877 | D        | Identified the amulet "Ysuol" {RegenMP Dex+3} (You bought
                  | it in a shop in the Dungeon)
  1877 | D        | Bought a smoking bronze amulet for 45 gold pieces
  1877 | D        | Identified the amulet "Zybuu" {Faith Dex+3} (You bought it
                  | in a shop in the Dungeon)
  1888 | D        | Reached XP level 13. HP: 128/128 MP: 21/21
  1972 | D        | Round 11.
  2076 | D        | Reached skill level 10 in Throwing
  2121 | D        | Arena points: 6269 (+1694) [x14]
  2168 | D        | Bought a pair of masterwork boots for 332 gold pieces
  2168 | D        | Identified the +0 pair of boots of the Ecumenical Temple
                  | {Dex+4} (You bought it in a shop in the Dungeon)
  2177 | D        | Bought a translucent granite ring for 45 gold pieces
  2177 | D        | Identified the ring "Sitoc" {Str+2 Slay+4} (You bought it
                  | in a shop in the Dungeon)
  2177 | D        | Bought a smoking pewter amulet for 45 gold pieces
  2177 | D        | Identified the amulet "Gap Poem" {Regen+ Dex+3 SInv} (You
                  | bought it in a shop in the Dungeon)
  2177 | D        | Bought a translucent ivory ring for 45 gold pieces
  2177 | D        | Identified the ring of Pofutuqe {rPois Dex+6 Slay+6} (You
                  | bought it in a shop in the Dungeon)
  2177 | D        | Bought a twitching silver amulet for 45 gold pieces
  2177 | D        | Identified the amulet "Uhieqy" {Regen+ Int+5} (You bought
                  | it in a shop in the Dungeon)
  2177 | D        | Bought a sparkling bronze ring for 45 gold pieces
  2177 | D        | Identified the ring "Aczyt" {Fly rPois rF+ rC+ Will+} (You
                  | bought it in a shop in the Dungeon)
  2177 | D        | Bought a wavering wooden ring for 45 gold pieces
  2177 | D        | Identified the ring "Ycowk" {rPois rF+ rC+ Int+2 Dex-4}
                  | (You bought it in a shop in the Dungeon)
  2185 | D        | Round 12.
  2230 | D        | Reached skill level 15 in Invocations
  2253 | D        | Arena points: 8429 (+2160) [x15]
  2268 | D        | Bought 3 potions of heal wounds for 105 gold pieces
  2268 | D        | Bought 3 potions of heal wounds for 105 gold pieces
  2278 | D        | Round 13.
  2309 | D        | Bought a dazzling cloak for 332 gold pieces
  2309 | D        | Identified the +0 cloak "Seymn" {rCorr} (You bought it in a
                  | shop in the Dungeon)
  2416 | D        | Arena points: 10509 (+2080) [x16]
  2433 | D        | Bought 3 potions of heal wounds for 105 gold pieces
  2433 | D        | Bought 3 potions of heal wounds for 105 gold pieces
  2463 | D        | Bought a polished cloak for 332 gold pieces
  2463 | D        | Identified the +0 cloak of the Endless Expanse {-Cast rN+
                  | Dex+3 Stlth+} (You bought it in a shop in the Dungeon)
  2469 | D        | Bought a wavering ivory amulet for 45 gold pieces
  2469 | D        | Identified the amulet of Vejoluyr {Spirit rN+++ Will- SInv}
                  | (You bought it in a shop in the Dungeon)
  2482 | D        | Round 14.
  2508 | D        | Received a gift from Okawaru
  2577 | D        | Arena points: 13365 (+2856) [x17]
  2606 | D        | Bought 8 scrolls of enchant weapon for 600 gold pieces
  2651 | D        | Round 15.
  2657 | D        | Noticed a deep elf elementalist
  2673 | D        | Killed a deep elf elementalist
  2673 | D        | Received a gift from Okawaru
  2673 | D        | Identified the amulet "Kigeysti" {Reflect +Inv Int+2 Dex+3
                  | SH+5 Stlth+} (You found it in the Dungeon)
  2673 | D        | Arena points: 16500 (+3135) [x19]
  2674 | D        | Reached XP level 14. HP: 131/152 MP: 17/24
  2676 | D        | Got an elven rune of Zot
  2688 | D        | Reached XP level 15. HP: 152/160 MP: 20/25
  2715 | D        | Bought 3 potions of experience for 900 gold pieces
  2716 | D        | Reached XP level 16. HP: 169/169 MP: 26/26
  2761 | D        | Reached XP level 17. HP: 176/176 MP: 27/27
  2762 | D        | Reached XP level 18. HP: 185/185 MP: 28/28
  2883 | D        | Round 16.
  3010 | D        | Arena points: 20020 (+3520) [x20]
  3041 | D        | Bought 3 scrolls of silence for 285 gold pieces
  3041 | D        | Bought 3 scrolls of blinking for 225 gold pieces
  3072 | D        | Round 17.
  3082 | D        | Received a gift from Okawaru
  3153 | D        | Received a gift from Okawaru
  3238 | D        | Arena points: 25018 (+4998) [x21]
  3266 | D        | Bought a +0 crystal plate armour for 960 gold pieces
  3273 | D        | Round 18.
  3325 | D        | Reached skill level 27 in Fighting
  3325 | D        | Reached skill level 27 in Armour
  3325 | D        | Arena points: 31750 (+6732) [x22]
  3326 | D        | Reached skill level 1 in Dodging
  3340 | D        | Round 19.
  3344 | D        | Bought 3 potions of heal wounds for 105 gold pieces
  3344 | D        | Bought 3 potions of heal wounds for 105 gold pieces
  3344 | D        | Bought 3 potions of heal wounds for 105 gold pieces
  3350 | D        | Gained mutation: Your magical capacity is low. (-10% MP) [a
                  | shining eye]
  3352 | D        | Gained mutation: You do not regenerate when monsters are
                  | visible. [a shining eye]
  3359 | D        | Reached skill level 1 in Stealth
  3359 | D        | Reached skill level 1 in Evocations
  3361 | D        | Gained mutation: You are frail. (-10% HP) [a shining eye]
  3376 | D        | Gained mutation: You are dopey. (Int -2) [a shining eye]
  3380 | D        | Gained mutation: Your spells are a little easier to cast,
                  | but a little less powerful. [a shining eye]
  3386 | D        | Gained mutation: Your spells are easier to cast, but less
                  | powerful. [a shining eye]
  3393 | D        | Gained mutation: Your spells are much easier to cast, but
                  | much less powerful. [a shining eye]
  3399 | D        | Gained mutation: You occasionally lose the ability to drink
                  | potions when taking damage. [a shining eye]
  3399 | D        | Gained mutation: You sometimes lose the ability to drink
                  | potions when taking damage. [a shining eye]
  3400 | D        | Received a gift from Okawaru
  3429 | D        | Gained mutation: You are clumsy. (Dex -2) [a shining eye]
  3451 | D        | Gained mutation: Your body sometimes deteriorates upon
                  | taking damage. [a shining eye]
  3467 | D        | Gained mutation: You sometimes lose your temper in combat.
                  | [a shining eye]
  3490 | D        | Gained mutation: Your magical capacity is very low. (-20%
                  | MP) [a shining eye]
  3503 | D        | Gained mutation: Armour fits poorly on your strangely
                  | shaped body. [a shining eye]
  3504 | D        | Arena points: 39179 (+7429) [x23]
  3518 | D        | Bought 3 potions of mutation for 168 gold pieces
  3518 | D        | Bought 2 potions of mutation for 112 gold pieces
  3518 | D        | Lost mutation: You do not regenerate when monsters are
                  | visible. [potion of mutation]
  3518 | D        | Lost mutation: You sometimes lose your temper in combat.
                  | [potion of mutation]
  3518 | D        | Lost mutation: You sometimes lose the ability to drink
                  | potions when taking damage. [potion of mutation]
  3518 | D        | Lost mutation: You are frail. (-10% HP) [potion of
                  | mutation]
  3518 | D        | Lost mutation: You are dopey. (Int -2) [potion of mutation]
  3518 | D        | Lost mutation: Your spells are much easier to cast, but
                  | much less powerful. [potion of mutation]
  3519 | D        | Lost mutation: You occasionally lose the ability to drink
                  | potions when taking damage. [potion of mutation]
  3519 | D        | Lost mutation: Your magical capacity is very low. (-20% MP)
                  | [potion of mutation]
  3519 | D        | Lost mutation: Armour fits poorly on your strangely shaped
                  | body. [potion of mutation]
  3519 | D        | Gained mutation: You have a pair of large horns on your
                  | head. [potion of mutation]
  3520 | D        | Lost mutation: Your spells are easier to cast, but less
                  | powerful. [potion of mutation]
  3520 | D        | Lost mutation: Your body sometimes deteriorates upon taking
                  | damage. [potion of mutation]
  3520 | D        | Lost mutation: Your magical capacity is low. (-10% MP)
                  | [potion of mutation]
  3520 | D        | Gained mutation: You have sharp toenails. [potion of
                  | mutation]
  3521 | D        | Lost mutation: You have a pair of large horns on your head.
                  | [potion of mutation]
  3521 | D        | Lost mutation: You are clumsy. (Dex -2) [potion of
                  | mutation]
  3521 | D        | Lost mutation: You have sharp toenails. [potion of
                  | mutation]
  3521 | D        | Gained mutation: You are weak. (Str -2) [potion of
                  | mutation]
  3521 | D        | Gained mutation: You are clumsy. (Dex -2) [potion of
                  | mutation]
  3521 | D        | Gained mutation: Your mind is acute. (Int +4, Str/Dex -1)
                  | [potion of mutation]
  3521 | D        | Gained mutation: Your mind is very acute. (Int +8, Str/Dex
                  | -2) [potion of mutation]
  3523 | D        | Round 20.
  3548 | D        | Received a gift from Okawaru
  3548 | D        | Identified the +1 cloak of the Desolation of Salt {Regen+
                  | Dex-5 Stlth+} (You found it in the Dungeon)
  3548 | D        | Arena points: 45679 (+6500) [x25]
  3549 | D        | Reached skill level 5 in Dodging
  3551 | D        | Got a slimy rune of Zot
  3570 | D        | Reached XP level 19. HP: 163/207 MP: 23/29
  3595 | D        | Bought a scroll of silence for 142 gold pieces
  3623 | D        | Bought 4 scrolls of enchant armour for 300 gold pieces
  3623 | D        | Bought 4 scrolls of enchant armour for 300 gold pieces
  3623 | D        | Bought 3 scrolls of silence for 285 gold pieces
  3623 | D        | Bought 5 scrolls of blinking for 375 gold pieces
  3623 | D        | Bought 4 scrolls of blinking for 300 gold pieces
  3623 | D        | Bought 3 scrolls of blinking for 225 gold pieces
  3647 | D        | Bought 4 scrolls of enchant armour for 300 gold pieces
  3647 | D        | Bought 4 scrolls of enchant armour for 300 gold pieces
  3748 | D        | Round 21.
  3776 | D        | Reached skill level 5 in Stealth
  3776 | D        | Reached skill level 5 in Evocations
  3869 | D        | Arena points: 53323 (+7644) [x26]
  3900 | D        | Bought 3 potions of experience for 900 gold pieces
  3900 | D        | Reached XP level 20. HP: 216/216 MP: 7/31
  3901 | D        | Reached XP level 21. HP: 224/224 MP: 7/32
  3902 | D        | Reached XP level 22. HP: 233/233 MP: 7/33
  3924 | D        | Round 22.
  3981 | D        | Reached skill level 10 in Dodging
  4001 | D        | Arena points: 64609 (+11286) [x27]
  4023 | D        | Round 23.
  4025 | D        | Bought 2 potions of experience for 600 gold pieces
  4025 | D        | Bought a potion of experience for 300 gold pieces
  4025 | D        | Bought a potion of experience for 300 gold pieces
  4025 | D        | Reached XP level 23. HP: 240/240 MP: 24/34
  4026 | D        | Reached XP level 24. HP: 249/249 MP: 24/34
  4027 | D        | Reached XP level 25. HP: 257/257 MP: 24/34
  4028 | D        | Reached XP level 26. HP: 266/266 MP: 24/34
  4165 | D        | HP: 10/266 [??? (6)]
  4200 | D        | Arena points: 64977 (+368) [x1]
  4215 | D        | Round 24.
  4228 | D        | Reached skill level 10 in Stealth
  4306 | D        | Identified the +5 kite shield of Happiness {rF+ Will+
                  | Int-3} (Okawaru gifted it to you in the Dungeon)
  4306 | D        | Received a gift from Okawaru
  4314 | D        | Reached skill level 15 in Throwing
  4352 | D        | Arena points: 65745 (+768) [x2]
  4360 | D        | Bought 3 potions of heal wounds for 105 gold pieces
  4360 | D        | Bought 3 potions of heal wounds for 105 gold pieces
  4360 | D        | Bought 3 potions of heal wounds for 105 gold pieces
  4402 | D        | Round 25.
  4461 | D        | Arena points: 67145 (+1400) [x4]
  4462 | D        | Reached XP level 27. HP: 268/273 MP: 35/35
  4464 | D        | Got a silver rune of Zot
  4482 | D        | Bought a dazzling kite shield for 332 gold pieces
  4482 | D        | Identified the +2 kite shield of the Hot Ocelot {*Corrode
                  | Will- Str+10 Stlth+} (You bought it in a shop in the
                  | Dungeon)
  4639 | D        | Round 26.
  4684 | D        | Reached skill level 15 in Dodging
  4727 | D        | Arena points: 69745 (+2600) [x5]
  4742 | D        | Round 27.
  4766 | D        | Found the +4 dragonskin cloak
  4766 | D        | Noticed Tiamat
  4799 | D        | Killed Tiamat
  4813 | D        | Noticed an ancient lich
  4815 | D        | Noticed an ancient lich
  4816 | D        | Noticed an ancient lich
  4823 | D        | Killed an ancient lich
  4833 | D        | Killed an ancient lich
  4846 | D        | Killed an ancient lich
  4857 | D        | Reached skill level 15 in Stealth
  4883 | D        | Noticed an orb of fire
  4899 | D        | Killed an orb of fire
  4908 | D        | Noticed an orb of fire
  4916 | D        | Gained mutation: You are very weak. (Str -4) [an orb of
                  | fire]
  4925 | D        | Killed an orb of fire
  4948 | D        | Arena points: 72823 (+3078) [x6]
  4961 | D        | Got the Orb of Zot
  4992 | D        | Escaped with the Orb!

Illustrated notes

Levels and vault maps discovered:
D:        arena_sprint

Skill      XL: |  1  2  3  4  5  6  7  8  9 10 11 12 13 14 15 16 17 18 19 20 21 22 23 24 25 26 27 |
---------------+----------------------------------------------------------------------------------+-----
Axes           | 4 8 9 10 12 14 15 17 18 19 20 21 22 26 | 26.1
Fighting       | 4 6 7 8 9 11 13 15 21 22 27 | 27.0
Armour         | 4 6 7 8 9 11 13 15 21 22 27 | 27.0
Shields        | 4 6 7 8 9 10 12 14 15 16 17 18 20 24 | 24.2
Invocations    | 2 4 5 6 8 9 12 15 16 17 19 22 | 22.1
Throwing       | 4 8 9 10 11 12 13 14 16 19 | 19.6
Dodging        | 5 7 8 10 11 13 18 | 18.6
Stealth        | 4 6 8 9 11 15 | 15.9
Evocations     | 4 6 8 |  8.0

Action                     |  1- 3 |  4- 6 |  7- 9 | 10-12 | 13-15 | 16-18 | 19-21 | 22-24 | 25-27 || total
---------------------------+-------+-------+-------+-------+-------+-------+-------+-------+-------++-------
  Melee: War axe           |    13 |    24 |    54 |   186 |       |       |       |       |       ||   277
         Headbutt          |     1 |     2 |    11 |    53 |    30 |    55 |    11 |    11 |    99 ||   273
         Broad axe         |       |       |       |       |   115 |   157 |    33 |    36 |   275 ||   616
  Throw: Dart              |       |       |       |     5 |     5 |       |       |       |       ||    10
         Boomerang         |       |       |       |       |       |       |       |     5 |       ||     5
 Invoke: Heroism           |       |       |     2 |    10 |     6 |     3 |       |     1 |     3 ||    25
         Finesse           |       |       |     1 |     3 |     5 |     2 |       |     1 |     4 ||    16
    Use: Potion            |       |       |    12 |     1 |     2 |    19 |     3 |     3 |    11 ||    51
         Scroll            |       |       |       |     1 |     9 |     5 |    14 |       |     4 ||    33
 Armour: Scale mail        |     3 |     9 |    29 |       |       |       |       |       |       ||    41
         Plate armour      |       |       |       |    13 |    75 |     9 |       |       |       ||    97
         Crystal plate arm |       |       |       |       |       |    19 |    39 |    11 |    58 ||   127
  Dodge: Dodged            |     5 |    29 |    67 |    17 |    38 |    14 |     3 |     7 |    32 ||   212
  Block: Buckler           |     1 |     8 |    14 |     5 |       |       |       |       |       ||    28
         Tower shield      |       |       |       |   121 |   132 |   110 |    47 |    31 |   199 ||   640
         Reflection        |       |       |       |       |       |     7 |       |       |       ||     7

Table legend: (Time is in decaauts)
 A = Elapsed time spent in this place.
 B = Non-inter-level travel time spent in this place.
 C = Inter-level travel time spent in this place.
 D = Time resting spent in this place.
 E = Time spent auto-exploring this place.
 F = Levels seen in this place.
 G = Mean time per level.
                   A        B        C        D        E       F      G
               +--------+--------+--------+--------+--------+-----+--------+
         Total |   4673 |   4622 |     51 |    456 |     65 |   1 | 4673.0 |
       Dungeon |   4673 |   4622 |     51 |    456 |     65 |   1 | 4673.0 |
               +--------+--------+--------+--------+--------+-----+--------+

Top non-repeatable levels by time:
       D: 4673 daAuts
